Cogmind - Beta 12 @@@ ROGUE MODE // 2023.03.11 @ 11:32:53 Player: omewwes Result: Self-destructed Performance ------------- Evolutions (2) 1000 Regions Visited (3) 600 Robots Destroyed (15) 75 Value Destroyed (184) 184 Prototype IDs (3) 60 Alien Tech Used (0) 0 Bonus (0) 0 TOTAL SCORE: 1919 Bonus ------- None Cogmind --------- Core Integrity 464/550 Matter 215/300 Energy 280/280 System Corruption 0% Temperature Cool (9) Movement Hovering (120) Ox1 Location -8/Materials Parts ------- > --- POWER (1) -------- Heavy Ion Engine > --- PROPULSION (3) --- Airjet > --- UTILITY (5) ------ Trap Scanner Improved Light Armor Plating Hacking Suite System Shield > --- WEAPON (2) ------- Heavy Hammer > --- INVENTORY (5) ---- Airjet Airjet Mini Grenade Launcher Heavy Hammer Peak State ------------ > --- POWER ------------ Heavy Ion Engine > --- PROPULSION ------- Airjet Airjet Airjet > --- UTILITY ---------- Trap Scanner Improved Light Armor Plating Hacking Suite System Shield System Shield > --- WEAPON ----------- Light Assault Rifle Heavy Hammer > --- INVENTORY -------- Airjet Airjet Mini Grenade Launcher Heavy Hammer [Rating: 31] Favorites ----------- Power Light Ion Engine Engine Light Ion Engine Propulsion Compact Wheel Wheel Compact Wheel Hover Unit Airjet Flight Unit Flight Unit Utility Small Storage Unit Device Trap Scanner Storage Small Storage Unit Hackware Hacking Suite Protection Improved Light Armor Plating Weapon Light Assault Rifle Energy Gun Medium Laser Energy Cannon Beam Cannon Ballistic Gun Light Assault Rifle Impact Weapon Heavy Hammer Build | -11 -10 -9 -8 ------- Run | Jun Mat Mat Mat Slots Evolved 4 | . . 2 2 Power . | . . . . Propulsion 1 | . . 1 . Utility 3 | . . 1 2 Weapon . | . . . . Parts Attached 27 | 6 4 6 11 Power 5 | 1 1 . 3 Engine 5 | 1 1 . 3 Core . | . . . . Reactor . | . . . . Propulsion 8 | 2 . 3 3 Treads . | . . . . Leg . | . . . . Wheel 2 | 2 . . . Hover 3 | . . . 3 Flight 3 | . . 3 . Utility 6 | 1 . 1 4 Device 1 | . . . 1 Storage 1 | 1 . . . Processor . | . . . . Hackware 3 | . . 1 2 Protection 1 | . . . 1 Artifact . | . . . . Weapon 8 | 2 3 2 1 Energy Gun 1 | 1 . . . Energy Cannon 1 | . 1 . . Ballistic Gun 4 | 1 2 1 . Ballistic Cannon . | . . . . Launcher . | . . . . Special Weapon . | . . . . Impact Weapon 2 | . . 1 1 Slashing Weapon . | . . . . Piercing Weapon . | . . . . Special Melee Weapon . | . . . . Unidentified Prototypes 1 | . . . 1 Parts Lost 8 | . 2 1 5 Power 2 | . 1 . 1 Propulsion 3 | . . 1 2 Utility 1 | . . . 1 Weapon 2 | . 1 . 1 Highest Loss Streak 4 | . 2 1 4 To Critical Strikes . | . . . . Average Slot Usage (%) 79 | . 83 82 68 Engine 11 | . 13 11 5 Wheel 15 | . 28 . . Hover 1 | . . . 8 Flight 10 | . . 33 11 Storage 10 | . 14 11 . Hackware 5 | . . 5 19 Energy Gun 7 | . 13 . . Energy Cannon 3 | . 6 . . Ballistic Gun 10 | . 7 17 8 Impact Weapon 2 | . . 3 8 Naked Turns . | . . . . Heaviest Build 17 | 12 13 12 17 Greatest Support 32 | 32 32 12 24 Greatest Overweight (x) 1 | . . . 1 Average Overweight (x) . | . . . . Largest Inventory Capacity 8 | 8 8 8 5 Average Capacity 7 | 6 8 7 5 Most Carried 7 | 1 7 7 5 Average Carried 3 | . 3 5 4 Final Capacity 8 | 8 8 5 5 Final Carried 7 | 1 7 5 4 Class Distribution -------------------- 54% | Mutant 25% | Scavenger-Mutant 19% | Hacker-Mutant Dominant Class ---------------- Mutant | -10/Materials Scavenger-Mutant | -9/Materials Hacker-Mutant | -8/Materials Resources | -11 -10 -9 -8 ----------- Run | Jun Mat Mat Mat Matter Collected 440 | 251 103 86 . Remotely . | . . . . Salvage Created 404 | . 217 187 . Parts 20 | . 14 6 . Haulers Intercepted 4 | . 1 3 . Recyclers Shooed . | . . . . Parts Field Recycled . | . . . . Retrieved Matter . | . . . . Parts Self-Destructed . | . . . . Prevented . | . . . . Kills | -11 -10 -9 -8 ------- Run | Jun Mat Mat Mat Combat Hostiles Destroyed 8 | . 8 . . Guns 8 | . 8 . . Classes Destroyed 5 | . 4 1 . Hauler 4 | . 1 3 . Operator 2 | . 1 1 . Watcher 1 | . . 1 . Swarmer 6 | . 6 . . Grunt 2 | . 2 . . Best Kill Streak 5 | . 5 3 . Combat Bots Only 5 | . 5 . . Max Kills in Single Turn 1 | . 1 1 . Gunslinging . | . . . . Exploded . | . . . . Melee . | . . . . Uniques/NPCs Destroyed . | . . . . Combat | -11 -10 -9 -8 -------- Run | Jun Mat Mat Mat Damage Taken 951 | . 331 93 527 Core 194 | . 98 10 86 Absorbed by Shields . | . . . . Core Remaining (%) 85 | 100 60 97 . Volleys Fired 57 | . 46 11 . Largest 2 | . 2 2 . Hottest 110 | . 110 40 . Shots Fired 97 | . 78 19 . Gun 90 | . 71 19 . Cannon 7 | . 7 . . Launcher . | . . . . Special . | . . . . Kinetic 45 | . 26 19 . Thermal 52 | . 52 . . Explosive . | . . . . Electromagnetic . | . . . . Robot Hit Streak 5 | . 4 5 . Robot Miss Streak 5 | . 5 3 . Penetration Max . | . . . . Secondary Targets . | . . . . Shots Hit Robots 68 | . 42 14 12 Core Hits 20 | . 16 4 . Critical Kills 1 | . 1 . . Critical Parts Destroyed 2 | . . 2 . Critical Strikes 4 | . 2 2 . Burn 1 | . 1 . . Meltdown 1 | . 1 . . Smash 2 | . . 2 . Melee Attacks 19 | . . 4 15 Impact 19 | . . 4 15 Slashing . | . . . . Piercing . | . . . . Sneak Attacks 2 | . . 2 . Combat Hostiles . | . . . . Follow-up Attacks . | . . . . Damage Inflicted 1366 | . 580 327 459 Guns 577 | . 493 84 . Cannons 87 | . 87 . . Explosions . | . . . . Melee 702 | . . 243 459 Ramming . | . . . . Kinetic 251 | . 167 84 . Thermal 413 | . 413 . . Explosive . | . . . . Electromagnetic . | . . . . Impact 702 | . . 243 459 Slashing . | . . . . Piercing . | . . . . Highest Corruption . | . . . . Average Corruption . | . . . . Corruption Purged . | . . . . Corruption Blocked . | . . . . Overload Shots . | . . . . Overflow Damage 195 | . 2 193 . Projectiles 2 | . 2 . . Explosions . | . . . . Melee 193 | . . 193 . Knockbacks 3 | . . . 3 Impact 2 | . . . 2 Kinetic . | . . . . Secondary 1 | . . . 1 Self-Inflicted Damage . | . . . . Shots . | . . . . Rammed . | . . . . Targets Rammed . | . . . . Kicked . | . . . . Crushed . | . . . . Highest Temperature 172 | . 172 6 . Average Temperature 48 | . 49 5 . Received Heat Transfer 201 | . 24 33 144 Siege Activations . | . . . . Robots Corrupted . | . . . . Combat Hostiles . | . . . . Parts Fried 6 | . . 6 . Impact Corruptions 4 | . . 4 . Robots Melted 1 | . 1 . . Combat Hostiles . | . . . . Parts Melted 3 | . 3 . . Heat Transferred 1221 | . 1221 . . Parts Sabotaged . | . . . . Parts Stolen . | . . . . Parts Stripped . | . . . . Power Chain Reactions . | . . . . Missiles Intercepted . | . . . . Alert | -11 -10 -9 -8 ------- Run | Jun Mat Mat Mat Peak Influence 270 | . 270 237 118 Initial 113 | . . 113 83 Average 151 | . 191 154 99 Maximum Alert Level 1 | . 1 1 . Low Security (%) 66 | 100 41 81 100 Level 1 33 | . 58 18 . Level 2 . | . . . . Level 3 . | . . . . Level 4 . | . . . . Level 5 . | . . . . High Security . | . . . . Max Security . | . . . . Squads Dispatched 2 | . 2 . . Investigation . | . . . . Extermination . | . . . . Reinforcement 2 | . 2 . . Assault . | . . . . Garrison . | . . . . Intercept . | . . . . Searches Triggered . | . . . . Construction Impeded . | . . . . Haulers Reinforced . | . . . . Active Scanning Responses . | . . . . Cargo Convoy Interrupts . | . . . . Stealth | -11 -10 -9 -8 --------- Run | Jun Mat Mat Mat Distress Signals 1 | . . 1 . Communications Jammed . | . . . . Distress Signals . | . . . . Times Spotted 31 | . 15 11 5 Peak Tracking Total 9 | . 6 9 6 Tactical Retreats 5 | . 2 3 . Traps | -11 -10 -9 -8 ------- Run | Jun Mat Mat Mat Traps Triggered . | . . . . Indirectly . | . . . . Trap Hack Attempts . | . . . . Triggered . | . . . . Disarmed . | . . . . Reprogrammed . | . . . . Reused . | . . . . Traps Extracted . | . . . . Installed . | . . . . Triggered . | . . . . Machines | -11 -10 -9 -8 ---------- Run | Jun Mat Mat Mat Machines Disabled 1 | . 1 . . Max in Single Turn 1 | . 1 . . Machines Repaired . | . . . . Machines Sabotaged . | . . . . Overloaded Fab Kills . | . . . . Hacking | -11 -10 -9 -8 --------- Run | Jun Mat Mat Mat Machines Accessed 10 | . 3 5 2 Terminals 9 | . 2 5 2 Fabricators . | . . . . Repair Stations . | . . . . Recycling Units 1 | . 1 . . Scanalyzers . | . . . . Garrison Access . | . . . . Total Hacks 33 | . 5 19 9 Successful 17 | . 3 8 6 Failed 16 | . 2 11 3 Catastrophic 3 | . . 3 . Database Lockouts . | . . . . Manual 24 | . 4 14 6 Terminals 32 | . 4 19 9 Fabricators . | . . . . Repair Stations . | . . . . Recycling Units 1 | . 1 . . Scanalyzers . | . . . . Garrison Access . | . . . . Terminal Hacks 7 | . 1 4 2 Prototype ID Bank 1 | . . 1 . Unreport Threat 1 | . . 1 . Dispatch Records 1 | . . . 1 Zone Layout 4 | . 1 2 1 Fabricator Hacks . | . . . . Repair Station Hacks . | . . . . Recycling Unit Hacks . | . . . . Scanalyzer . | . . . . Garrison Access Hacks . | . . . . Unauthorized Hacks 10 | . 2 4 4 Terminals 9 | . 1 4 4 Track 5 | . . 3 2 Operators 4 | . 1 1 2 Fabricators . | . . . . Repair Stations . | . . . . Recycling Units 1 | . 1 . . Mask 1 | . 1 . . Scanalyzers . | . . . . Garrison Access . | . . . . Data Cores Recovered 1 | . . 1 . Used . | . . . . Hacking Detections 6 | . 2 4 . Full Trace Events . | . . . . Feedback Events . | . . . . Feedback Blocked . | . . . . Robot Schematics Acquired . | . . . . Robots Built . | . . . . Authchips . | . . . . Time . | . . . . Total Robot Build Rating . | . . . . Part Schematics Acquired . | . . . . Parts Built . | . . . . Authchips . | . . . . Time . | . . . . Total Part Build Rating . | . . . . Parts Repaired . | . . . . Time . | . . . . Parts Recycled . | . . . . Recycled Matter . | . . . . Retrieved Matter . | . . . . Retrieved Components . | . . . . Parts Scanalyzed . | . . . . Part Schematics Acquired . | . . . . Parts Damaged . | . . . . Bothacking | -11 -10 -9 -8 ------------ Run | Jun Mat Mat Mat Used RIF Installer . | . . . . Robots Hacked . | . . . . Non-combat . | . . . . Combat . | . . . . Robot Hacks Applied . | . . . . Relay Couplers Released . | . . . . Fabnet Peak Effective % . | . . . . Robots Rewired . | . . . . Allies Hacked . | . . . . Hacks Repelled . | . . . . Allies | -11 -10 -9 -8 -------- Run | Jun Mat Mat Mat Total Allies . | . . . . Largest Group . | . . . . Highest-Rated Group . | . . . . Highest-Rated Ally . | . . . . Total Orders . | . . . . Ally Attacks . | . . . . Total Damage . | . . . . Kills . | . . . . Allies Corrupted . | . . . . Allies Melted . | . . . . Intel | -11 -10 -9 -8 ------- Run | Jun Mat Mat Mat Robot Analysis Total . | . . . . Derelict Logs Recovered . | . . . . Drone Launches . | . . . . Drone Recoveries . | . . . . Exploration | -11 -10 -9 -8 ------------- Run | Jun Mat Mat Mat Turns Passed 680 | 48 346 154 132 Spaces Moved 630 | 39 194 262 135 Core 1 | 1 . . . Treads . | . . . . Legs . | . . . . Wheels 232 | 38 194 . . Hover 12 | . . . 12 Flight 385 | . . 262 123 Fastest Speed 34 | 50 100 34 37 Average Speed 59 | 98 100 34 38 Slowest Speed 116 | 100 100 37 116 Overloaded Moves . | . . . . Propulsion Burnouts . | . . . . Robots Hopped 4 | . . 2 2 Cave-ins Triggered . | . . . . Exploration Rate (%) 22 | 3 36 35 16 Regions Visited 3 Branch Regions . Pre-discovered Areas . | . . . . Known Exits Taken . | . . . . Unknown Exits Taken 3 | 1 1 1 . Scrap Searched . | . . . . Spaces Dug . | . . . . Terrain Destroyed . | . . . . Melee . | . . . . Projectile . | . . . . AOE . | . . . . Terrain Rammed . | . . . . Walls Destroyed . | . . . . Machines Disabled . | . . . . Actions | -11 -10 -9 -8 --------- Run | Jun Mat Mat Mat Total 804 | 45 268 305 186 Wait 43 | . 15 11 17 Move 619 | 38 193 257 131 Hop 4 | . . 2 2 Pick Up 15 | 1 6 4 4 Fast Attach 18 | 6 4 2 6 Attach 8 | . . 3 5 Detach 8 | . 2 4 2 Swap 1 | . . 1 . Drop 12 | . 2 6 4 Fire 57 | . 46 11 . Melee 19 | . . 4 15 Ram . | . . . . Kick . | . . . . Crush . | . . . . Escape Stasis . | . . . . Rewire . | . . . . Trap . | . . . . Miscellaneous . | . . . . Route ------- -11/Junkyard -10/Materials (discovered 2 exits: *Mat / [*Min]) -9/Materials -8/Materials History --------- Turn | Location | Event 8 | -11/Junkyard | Discovered new exit (range 15) 49 | -11/Junkyard | Entered Materials 72 | -10/Materials | Discovered new exit (range 15) 307 | -10/Materials | Build established: Mutant 386 | -10/Materials | Discovered new exit (range 6) 395 | -10/Materials | Entered another Materials area 395 | -9/Materials | Evolved 2 slots: Propulsion x1, Utility x1 541 | -9/Materials | Discovered new exit (range 16) 549 | -9/Materials | Entered another Materials area 549 | -8/Materials | Evolved 2 slots: Utility x2 681 | -8/Materials | Self-destructed Last Messages --------------- 5x Patrol 6x Transport 00630_ Acquired Airjet. 00632_ Dropped Flight Unit. 00633_ Acquired Airjet. 00635_ Dropped Flight Unit. 00635_ Acquired Airjet. 00640_ Dropped Lgt. Assault Rifle. 00641_ Acquired Airjet. 00645_ Penetrated by Slug. 00649_ H-55 Commando knocked back. 00651_ Slug penetrates Wall. 00654_ Penetrated by Slug. 00661_ H-55 Commando knocked back. 00666_ System Shield destroyed. 00668_ Airjet destroyed. 00676_ Slug penetrates Wall. 00677_ Lgt. Assault Rifle destroyed. 00679_ Slug penetrates Wall. 00681_ Airjet destroyed. Map ----- +----------------------------------------------------+ | ?????????????????????????????????????????????????? | | ?????????????????????????????????????????????????? | | ?????????????????????????????????????????????????? | | ?????????????????????????????????????????????????? | | ?????????????????????????????????????????????????? | | ?????????????????????????????????????????????????? | | ?????????????????????????????????????????????????? | | ?????????????????????????????????????????????????? | | ?????????????????????????????????????????????????? | | ?????????????????????????????????????????????????? | | ?????????????????????????????????????????????????? | | ?????????????????????????????????????????????????? | | ?????????????????????????????????????????????????? | | ?????????????????????????????????????????????????? | | ?#####???????????????????????????????????????????? | | ## #??????????# """"" + ???????????????????? | | ## #########??# """"" # ???????????????????? | | ### ### #??# """"" ### ???????????????????? | | # # #??# """"" #?# ???????????????????? | | # # #??# #?# ???????????????????? | | + + #??##########?# ???????????????????? | | # = # k #?????????????# ???????????????????? | | # # #?????????????# ???????????????????? | | ### ##################?????# #???????????????????? | | #?# # T # #######h#???????????????????? | | ### # # [== ; Y @g #???????????????????? | | k" ! # r = #########???????????????????? | | ### # #! = = #???????????????????????????? | | ??# ######## %#???????????????????????????? | | ??#+######## tY #???????????????????????????? | | ?## # "T" #???????????????????????????? | | ?# """ # Y #???????????????????????????? | | ?## """ #+##+##############???????????????????? | | ??#[ """ # ???????????????????? | | ??# / ???????????????????? | | ??# " " # ???????????????????? | | ??# "R" ### #######+#######???????????????????? | | ??# """ % #?# #?# #?????????????????????? | | ??# #?# #?# "T" #????????????????o????? | | ??##########?# #?# #?????????????????????? | | ?????????????# #?# #?????????????????????? | | ?????????????# #?#############???????????????????? | | ?????????????# #???????# ???????????????????? | | ########?????# ######### """???????????????????? | | #?????# + """???????????????????? | | #?????#### ###### """???????????????????? | | #?????????????????????????????????????????? | | #?????????????????????????????????????????? | | #?????????????????????????????????????????? | | ]! #?????????????????????????????????????????? | +----------------------------------------------------+ Best States ------------- Heat Dissipation 31 Energy Generation 14 Energy Capacity 280 Matter Stores 300 Matter Capacity 300 Sight Range 16 Terrain Scan Density 10 Armor Coverage 150 Evasion (%) 63 Offensive Hacking 10 Defensive Hacking 20 Item Schematics ----------------- None Robot Schematics ------------------ None Fabricated ------------ Nothing Alien Tech Used ----------------- None Achievements -------------- None Challenges ------------ None Game ------ Seed ZioniteExplosiveLauncher Manual? 0 Play Time 00:13:46 Cumulative 48.3 hours Start 2023.03.10 @ 22:37:38 End 2023.03.11 @ 11:32:53 Sessions 1 Manual Loads 0 Difficulty Rogue Special Mode None Game No. 48 Rogue 48 Adventurer 0 Explorer 0 Win Type - Total 0 Types 0/0/0/0/0/0/0/0/0 Lore% 44 Gallery% 53 Achievement% 50 Wizard Run 0 Options --------- ASCII 0 Keyboard 1 Movement Vi Keybinds 0 Fullscreen 2 Font 18/Terminus Map View 76x50 Tactical HUD 1 Map Filters NONE Filters NONE Steam X RUN: 077a920f-d400-4aff-91cc-43bd8b1c5bf0